AoeStats
← EscorpioDx

Arena

508084678Analyzed
3v3 RM · 12d ago on Sep 20, 2026· 16m 32s· 6 players
Game mode
Random Map
Map size
Normal (6 player)
Population
200
Speed
Normal
Resources
Standard
Victory
Conquest
Starting age
Dark Age
Ending age
Imperial Age
RankedLock teamsTeams togetherTeam positionsShared explorationLock speedFull tech treeHidden civsTurbo modeCheats
Victory
Defeat
🇩🇪 Khmer · Germany
951
+13
🇩🇪 Byzantines · Germany
937
+28
904
+15
🇺🇸 Japanese · United States
906
-14
🇲🇽 Bohemians · Mexico
878
-14
🇲🇽 Persians · Mexico
855
-13
ifitsReal
10:59 Feudal Age
14:34 Castle Age
13:01 Horse Collar
13:11 Double-Bit Axe
EscorpioDx
14:31 Feudal Age
14:51 Double-Bit Axe
15:43 Wheelbarrow
15:03 Gold Mining
15:18 Horse Collar
MonikaGaming
11:03 Feudal Age
11:47 Double-Bit Axe
14:38 Loom
Thranquilo
7:24 Loom
10:56 Feudal Age
11:33 Double-Bit Axe
13:32 Horse Collar
HailSatin
0:36 Loom
11:29 Feudal Age
12:12 Double-Bit Axe
DrunkDriveAnarchoGamblinmaster67
10:00 Loom
11:55 Feudal Age
17:13 Castle Age
16:34 Double-Bit Axe
16:33 Horse Collar
Connection lost

Rejoining the realm…

Still unreachable

The connection could not be restored.

Session expired

The server has moved on; the page needs a fresh start.